 Dungeon Crawl Stone Soup version 0.18.1-48-g4cf74bf (webtiles) character file.

219 MistressOfTheDunes the Insei (level 5, -1/43 HPs)
             Began as a Mummy Monk on June 26, 2016.
             Slain by an adder (2 damage)
             ... on level 4 of the Dungeon.
             The game lasted 00:05:40 (4804 turns).

MistressOfTheDunes the Insei (Mummy Monk)           Turns: 4804, Time: 00:05:41

Health: -1/43      AC:  1    Str: 14    XL:     5   Next: 64%
Magic:  5/5        EV: 13    Int: 10    God:
Gold:   127        SH:  0    Dex: 15    Spells: 0 memorised, 4 levels left

rFire  . . .     SeeInvis .       - Unarmed
rCold  + . .     Gourm    .     (no armour)
rNeg   + + +     Faith    .     (no shield)
rPois  ∞         Spirit   .     (no helmet)
rElec  .         Dismiss  .     (no cloak)
rCorr  .         Reflect  .     b - +0 pair of gloves
SustAt .         Harm     .     (no boots)
MR     .....                    (no amulet)
Stlth  +++.......               l - ring of stealth
                                e - ring of protection from fire

@: not resistant to hostile enchantments, fairly stealthy
A: no food or potions, fire vulnerability, cold resistance 1, negative energy
resistance 3, torment resistance, unbreathing
a: no special abilities


You were on level 4 of the Dungeon.
You were not hungry.

You visited 1 branch of the dungeon, and saw 4 of its levels.

You collected 127 gold pieces.


Innate Abilities, Weirdness & Mutations

You do not eat or drink.
Your flesh is vulnerable to fire.
You are immune to poison.
Your flesh is cold resistant.
You are immune to negative energy.
You are immune to unholy pain and torment.
You can survive without breathing.


   Skills:
 + Level 4.4 Fighting
 - Level 2.4 Dodging
 - Level 1.5 Stealth
 - Level 5.0 Unarmed Combat


You had 4 spell levels left.
You didn't know any spells.

Inventory:

Missiles
 j - 7 poisoned needles (quivered)
Armour
 b - a +0 pair of gloves (worn)
Jewellery
 e - a ring of protection from fire (left hand)
 l - a ring of stealth (right hand)
Scrolls
 a - a scroll of random uselessness {unknown}
 c - 4 scrolls of identify {unknown}
 d - 2 scrolls of amnesia {unknown}
 f - a scroll of blinking {unknown}
 g - 2 scrolls of remove curse {unknown}
 h - a scroll of recharging {unknown}
 i - a scroll of enchant armour {unknown}
 k - a scroll of teleportation {unknown}
 m - a scroll of noise {unknown}

Dungeon Overview and Level Annotations

Branches:
Dungeon (4/15)
 Temple: D:4-7

Altars:
Dithmenos
Kikubaaqudgha
Qazlal

Annotations:
D:4 Natasha, Sigmund

▒.......▒
▒▒▒▒▒▒▒▒.8.8!8.▒
▒......▒.......▒▒▒
.......▒<......'.▒
.......▒.......▒.▒
.......▒.8.8.8.▒.▒
......l▒.......▒.▒
.....K5▒▒▒▒▒▒▒▒▒.▒
....hhhM.........▒
...(@.lS▒▒▒▒▒▒▒▒▒▒
........▒
.........
.........
......£..▒
.o.......▒
.........▒


You could see Sigmund, an iguana, Natasha, an adder, a white imp, an orc, 2
jackals, a kobold and a giant newt.


Message History

The white imp hits you! * * * don't die
* * * The white imp freezes you!
You resist! * * * don't die
* * * The giant newt closely misses you!
The jackal barks!!!
You pummel Natasha like a punching bag!
Natasha is moderately wounded!
Natasha barely misses you! The white imp closely misses you!
You closely miss Natasha!
Natasha is moderately wounded!
The giant newt bites you! * * * don't die
* * * Natasha casts a spell at you!
The magic dart hits you!!! * * * don't die
* * * The white imp hits you! * * * don't die
* * * The white imp freezes you!
You resist! * * * don't die
* * * An orc comes into view! It is wielding a falchion!
Unknown command!
Unknown command!
Unknown command!
The orc shouts!!!
You pulverise Natasha!
Natasha is severely wounded!
The giant newt closely misses you! Natasha barely misses you!
The adder bites you! rip

Action                   |  1- 3 |  4- 6 || total
-------------------------+-------+-------++-------
Melee: Unarmed           |   138 |   145 ||   283
       Punch             |       |     2 ||     2
 Stab: Sleeping          |     2 |     8 ||    10
       Distracted        |     1 |       ||     1
Armor: Skin              |    18 |     8 ||    26
Dodge: Dodged            |   104 |    85 ||   189

Vault maps used:
D:1:      dpeg_arrival_erosion
D:2:      old_standard_altar, nrook_mini_backslash,
          hangedman_abyss_or_decor_stabs
D:3:      kiku_gazebo_garden_becter, grunt_dithmenos_smoke_and_mirrors
D:4:      nicolae_overflow_crystal_walls, nicolae_overflow_hidden_temple,
          first_bread, nicolae_ossuary_entry_giza, grunt_ministairs_3,
          uniq_natasha, uniq_sigmund

Notes
Turn   | Place    | Note
--------------------------------------------------------------
     0 | D:1      | MistressOfTheDunes the Mummy Monk began the quest for the Orb.
     0 | D:1      | Reached XP level 1. HP: 18/18 MP: 1/1
   260 | D:1      | Reached XP level 2. HP: 11/24 MP: 2/2
   308 | D:1      | HP: 1/24 [dart slug (3)]
   903 | D:1      | Reached skill level 4 in Unarmed Combat
  1036 | D:1      | Reached XP level 3. HP: 24/29 MP: 3/3
  1882 | D:2      | Reached skill level 4 in Fighting
  1882 | D:2      | Reached XP level 4. HP: 28/37 MP: 4/4
  2823 | D:2      | Found a stormy altar of Qazlal.
  3189 | D:2      | Reached XP level 5. HP: 19/42 MP: 5/5
  3599 | D:3      | Reached skill level 5 in Unarmed Combat
  3800 | D:3      | Found an ancient bone altar of Kikubaaqudgha.
  3833 | D:3      | Found a shadowy altar of Dithmenos.
  3935 | D:3      | Noticed an ogre
  4792 | D:4      | Noticed Natasha
  4800 | D:4      | Noticed Sigmund
  4803 | D:4      | HP: 3/43 [white imp[Natasha] (2)]
  4803 | D:4      | HP: 1/43 [white imp[Natasha] (2)]
  4804 | D:4      | Slain by an adder

Vanquished Creatures
  2 orc wizards
  7 gnolls
  An adder (D:2)
  An ooze (D:3)
  2 worms (D:3)
  A dart slug (D:1)
  A giant gecko (D:1)
  4 orcs
  4 ball pythons
  4 giant cockroaches
  3 goblins
  12 hobgoblins
  8 kobolds
  A quokka (D:2)
  12 bats
  5 giant newts
  4 rats (D:1)
72 creatures vanquished.
